 Dungeon Crawl Stone Soup version 0.24.0-37-gcf1ca852f1 (webtiles) character file.

Game seed: 15114931669504963484, levelgen mode: deterministic

31 Descartes the Grave Robber (level 3, 0/17 HPs)
             Began as a Vine Stalker Necromancer on Nov 24, 2019.
             Succumbed to an adder's poison
             ... on level 2 of the Dungeon on Nov 25, 2019.
             The game lasted 00:04:27 (1997 turns).

Descartes the Grave Robber (VSNe)                   Turns: 1997, Time: 00:04:27

Health: 0/17       AC:  3    Str:  8 (10) XL:     3   Next: 22%
Magic:  2/7        EV: 11    Int: 17 (18) God:
Gold:   58         SH:  0    Dex: 11 (14) Spells: 6/7 levels left

rFire    . . .     SeeInvis .   n - +0 short sword (speed)
rCold    . . .     Gourm    .   (no shield)
rNeg     . . .     Faith    .   h - -1 leather armour (curse)
rPois    .         Spirit   +   (no helmet)
rElec    .         Reflect  .   r - +0 cloak
rCorr    .         Harm     .   (no gloves)
MR       .....                  (no boots)
Stlth    ++........             (no amulet)
HPRegen  0.05/turn              (no ring)
MPRegen  0.10/turn              (no ring)

@: lethally poisoned (0 -> -6), flying, very slightly contaminated
A: fangs 2, clever 1, deterioration 1, low mp 1, magic shield, antimagic bite,
no potion heal 3, rot immunity
a: no special abilities


You were on level 2 of the Dungeon.
You were hungry.

You visited 1 branch of the dungeon, and saw 2 of its levels.

You collected 58 gold pieces.

Inventory:

Hand Weapons
 j - a +0 dagger
 n - a +0 short sword of speed (weapon)
Missiles
 b - 35 arrows
 e - 27 stones (quivered)
 f - 17 bolts
Armour
 a - a +0 robe
 h - a cursed -1 leather armour (worn)
 r - a +0 cloak (worn)
 s - a +0 scale mail
Scrolls
 d - a scroll of remove curse {unknown}
 g - a scroll of amnesia {unknown}
 i - a scroll of fear {unknown}
 l - a scroll of identify {unknown}
 o - a scroll of immolation {unknown}
 q - a scroll of blinking {unknown}
Comestibles
 c - 3 rations


   Skills:
 + Level 0.8 Fighting
 + Level 1.9 Dodging
 + Level 3.0 Stealth
 + Level 2.6 Spellcasting
 + Level 4.2 Necromancy


You had 6 spell levels left.
You knew the following spells:

 Your Spells              Type           Power        Failure   Level  Hunger
a - Pain                  Necr           ###.         4%          1    #......

Your spell library contained the following spells:

 Spells                   Type           Power        Failure   Level  Hunger
 Animate Skeleton         Necr           N/A          4%          1    #......
 Vampiric Draining        Necr           ###.......   14%         3    ###....
 Regeneration             Chrm/Necr      #.........   32%         3    ###....
 Animate Dead             Necr           N/A          43%         4    #####..


Dungeon Overview and Level Annotations

Branches:
Dungeon (2/15)

Altars:


Innate Abilities, Weirdness & Mutations

You have extremely sharp teeth.
When hurt, damage is shared between your health and your magic reserves.
Your bite disrupts and absorbs the magic of your enemies.
Potions cannot restore your health.
You are immune to rotting.
Your mind is acute. (Int +2)
Your body sometimes deteriorates upon taking damage.
Your magical capacity is low. (-10% MP)


Message History

The adder bites you.
* * * LOW HITPOINT WARNING * * *
You hit the adder.
You kill the adder!
Your Stealth skill increases to level 3!
You have reached level 3!
Your experience leads to an increase in your attributes!
Increase (S)trength, (I)ntelligence, or (D)exterity?
You feel clever.
* * * LOW HITPOINT WARNING * * *
You feel sick.
It was a potion of flight.
You feel very buoyant.
You fly up into the air.
It was a potion of mutation.
You feel extremely strange.
You feel yourself wasting away.
You feel less energetic.
You feel clever.
It was a potion of degeneration.
There was something very wrong with that liquid.
You feel weakened.
You feel dopey.
You feel clumsy.
You die...

. ... .. .. .....# #.#
..##.##.# #.# .....##.#
#.####+#+##### ......#.#
#.#........... ##..#.#
#.#........... #<#.#.#
#.#........... #.#...#
#.#...........
.#.#...###.#.[.@.(..!..
#.......................
###+#.#............#####
...#.###.#####..#
....#.. #.# ..#
......##+##.. ..# ......
...# .## .... ...# ..
....#


There were no monsters in sight!

Vanquished Creatures
  An adder (D:2)
  A leopard gecko (D:1)
  3 bats (D:1)
  3 giant cockroaches (D:1)
  3 goblins (D:1)
  2 hobgoblins (D:1)
  A frilled lizard (D:1)
  4 kobolds (D:1)
  A rat (D:1)
19 creatures vanquished.

Notes
Turn   | Place    | Note
-------+----------+-------------------------------------------
     0 | D:1      | Descartes the Vine Stalker Necromancer began the quest for
                  | the Orb.
     0 | D:1      | Reached XP level 1. HP: 9/9 MP: 4/4
   320 | D:1      | Reached XP level 2. HP: 4/14 MP: 4/6
  1992 | D:2      | Reached XP level 3. HP: 2/17 MP: 1/7
  1995 | D:2      | Gained mutation: Your body sometimes deteriorates upon
                  | taking damage. [potion of mutation]
  1995 | D:2      | Gained mutation: Your magical capacity is low. (-10% MP)
                  | [potion of mutation]
  1995 | D:2      | Gained mutation: Your mind is acute. (Int +2) [potion of
                  | mutation]
  1997 | D:2      | Succumbed to an adder's poison

Levels and vault maps discovered:
D:1:      giann_horns, layout_basic, serial_forest, infiniplex_forest_lined_3
D:2:      kennysheep_the_goblin_king, layout_basic, lemuel_doored_altar,
          chequers_ecumenical_altar_simple

Skill      XL: |  1  2 |
---------------+-------+-----
Stealth        | 3 |  3.0
Fighting       | |  0.8
Dodging        | |  1.9
Spellcasting   | |  2.6
Necromancy     | |  4.2

Action                   || total
-------------------------++-------
Melee: Unarmed           ||    13
       Bite              ||     3
       Short sword       ||    12
       Dagger            ||     3
 Cast: Pain              ||    39
  Use: Potion            ||     3
  Eat: Chunk             ||     3
Armor: Robe              ||     5
       Leather armour    ||     3
Dodge: Dodged            ||    25
